← All builds
Beach sea / Cortex / Economy first / OBSERVED BUILD

Standard beach sea

Cortex Beach sea build order · Supreme Isthmus

The role's usual play: com goes to sea to build a shipyard around 2 minutes, pumping frigates and destroyers to contest enemy sea entry or hold vision, with an advanced metal extractor around 10 minutes as the transition into the team's…

Usually shipyard first (93%)

#naval #eco · 1589 distinct matches · 207 players · 84% of Cortex Beach sea games · team won 55% of 1793 · Recently observed

HOW TO PLAY IT

Key timing: Shipyard by 1:56

  1. Open 3 mex, then send com to sea to build Shipyard by 1:56.
  2. Add tidal generators, wind and more mex to fund the shipyard.
  3. Pump Riptide first, then Oppressor to contest enemy sea entry.
  4. Get T2 constructor out to start scaling the naval economy.
  5. Transition into Advanced Metal Extractor as the economy phase begins.

Phase by phase

TYPICAL OF ITS 1589 GAMES
  1. 1
  2. 2
  3. 3
PLAY THE OPENING

Follow the example game's first 6:00 step by step: what to build now, what comes next, and where it goes. At 1× it keeps pace with your own game.

  1. 1

    Up to the Shipyard

    Economy
    • Metal Extractor3Mex
    • Wind Turbine3Windfor allies
    • Wind Turbine2Wind
    • Energy Storage1Energy storage
    Order
    1. ShipyardShipyard after 3 mex, 2 wind, 1 energy storagedone ~1:56, middle half 1:43–2:07

    Some games also: Guard (30%)

    By 1:39 in all: 3 mex · 2 wind · 1 energy storage

    The example game in this phase · 14 steps
    1. Mex ×3
    2. Wind ×3for Air
    3. Wind
    4. Energy storage
    5. Solar
    6. Hovercraft PlatformHovercraft Platformdone 2:05
    7. GoonGoon
    8. Wind ×2
    9. GoonGoon
    10. Construction HovercraftCon hovercraftfor Geo sea
    11. Construction HovercraftCon hovercraft ×2
    12. Mex
    13. GoonGoon ×3
    14. ShipyardShipyarddone 4:11 · typical 1:56
  2. 2

    Shipyard to 5:00

    Economy
    • Metal Extractor5Mex
    • Tidal Generator2Tidal
    Builders
    • Construction Ship2 Con ship
    Army
    • Riptide2 Frigate
    • Herring1 Missile corvette
    • Oppressor1 Destroyer
    Other
    • Naval Radar / Sonar Tower1 Naval Radar / Sonar Tower

    Some games also: Urchin (46%) · mex (38%) · wind (37%) · submarine (36%) · wind (36%)

    By 5:00 in all: 8 mex · 3 wind · 2 tidal · 1 energy storage

    The example game in this phase · 5 steps
    1. Mex ×3
    2. Hovercraft PlatformEat Hovercraft Platformreclaimed for its metal
    3. Naval Construction Turret
    4. HerringMissile corvette ×2
    5. OppressorDestroyerdone 5:29 · typical 5:15
  3. 3

    5:00 to 10:00

    Economy
    • Metal Extractor1Mex
    • Wind Turbine8Wind
    Builders
    • Construction Ship1 Con ship
    • Death Cavalry1 Death Cavalry
    Army
    • Urchin1 Urchin
    • Riptide5 Frigate
    • Oppressor2 Destroyer
    • Herring2 Missile corvette
    Other
    • Naval Radar / Sonar Tower1 Naval Radar / Sonar Tower

    Some games also: Naval Construction Turret (49%) · Guard (47%) · tidal (39%) · Radar Tower (39%) · wind (34%)

    By 10:00 in all: 9 mex · 10 wind · 4 wind · 4 tidal · 1 energy storage · 1 Naval Construction Turret

    The example game in this phase · 105 steps
    1. Mex
    2. Con turret
    3. Naval Radar / Sonar TowerNaval Radar / Sonar Tower
    4. RiptideFrigatedone 5:45 · typical 3:50
    5. JellyfishJellyfish
    6. UrchinUrchin
    7. RiptideFrigate
    8. Mexfor Geo sea
    9. Wind
    10. RiptideFrigate
    11. Wind
    12. UrchinUrchin
    13. Mexfor Geo sea
    14. Wind ×2
    15. GuardGuard
    16. Wind ×2
    17. RiptideFrigate
    18. Mex
    19. Wind
    20. GuardGuard
    21. Wind
    22. Converter
    23. RiptideFrigate
    24. Converter
    25. OrcaSubmarinedone 7:46
    26. Converter
    27. Wind
    28. Mex
    29. Wind
    30. OppressorDestroyer
    31. Wind ×4
    32. Con turret
    33. HerringMissile corvette ×2
    34. Wind ×2
    35. SlingshotSlingshot
    36. HerringMissile corvette
    37. Wind
    38. JellyfishJellyfish
    39. Wind
    40. HerringMissile corvette
    41. Wind ×2
    42. GuardGuard
    43. HerringMissile corvette
    44. Wind
    45. OppressorDestroyer
    46. Wind
    47. Converter
    48. GuardGuard
    49. Advanced Metal ExtractorT2 mexdone 11:08 · typical 9:58
    50. Converter
    51. Dragon's TeethDragon's Teeth ×2
    52. HerringMissile corvette
    53. Converter
    54. Dragon's TeethDragon's Teeth
    55. Wind
    56. HerringMissile corvette
    57. Wind ×2
    58. HerringMissile corvette
    59. Wind ×3
    60. HerringMissile corvette
    61. Con turret
    62. Dragon's TeethDragon's Teeth ×3
    63. HerringMissile corvette
    64. Dragon's TeethDragon's Teeth
    65. Wind
    66. Advanced Metal ExtractorT2 mex
    67. Wind
    68. OppressorDestroyer
    69. Wind ×3
    70. Advanced Metal ExtractorT2 mex
    71. Wind ×3
    72. Converter
    73. Death CavalryDeath Cavalry
    74. Mex
    75. Converter ×2
    76. Wind ×3
    77. Death CavalryDeath Cavalry
    78. Wind ×3
    79. Con turret
    80. OppressorDestroyer
    81. Wind ×8
    82. Converter
    83. OppressorDestroyer
    84. Converter ×2
    85. Wind ×5
    86. JellyfishJellyfish
    87. Wind
    88. Con turret
    89. OppressorDestroyer
    90. Wind ×2
    91. Bot LabBot Labdone 14:05
    92. Wind
    93. Construction ShipCon ship
    94. Wind ×3
    95. OppressorDestroyer
    96. Wind ×2
    97. Advanced Metal ExtractorT2 mex
    98. Naval Construction Turret
    99. Converter ×2
    100. Construction BotCon bot
    101. Naval Construction Turret
    102. Converter
    103. Construction BotCon bot
    104. Con turret
    105. Wind

Counts are medians over the build's games: half of them build more, half fewer. The example game is XuunnY's (33 OS, 12/10/2026); pick another.

Team trades

IN AT LEAST 30% OF ITS GAMES

You hand over

  • Wind Turbine3 Wind to Airfirst at 1:46 · in 77% of games

You get

  • Finch1 Finch from Airfirst at 2:00 · in 80% of games
  • Lazarus1 Lazarus from Geofirst at 2:13 · in 63% of games
  • Hephaestus1 Heavy transport from Airfirst at 2:16 · in 64% of games
  • Construction Bot1 Con bot from Geofirst at 2:26 · in 70% of games
  • Hercules1 Light transport from Airfirst at 2:34 · in 32% of games
  • Advanced Construction Bot1 T2 con bot from Techfirst at 8:08 · in 89% of games

How it plays out

Typical game of this build, running totals by minute

Metal produced

010k20k30k
0:005:0010:0015:00

metal

Enemy metal destroyed

05k10k
0:005:0010:0015:00

metal

Own metal lost

02.5k5k7.5k
0:005:0010:0015:00

metal

1793 games.

Show as table
ByMetal produced: This buildEnemy metal destroyed: This buildOwn metal lost: This build
1:0040300
2:0093700
3:00155300
4:002540051
5:003716176101
6:005045487280
7:006492972592
8:00807016651001
9:00967926141532
10:001153637242325
11:001368547443105
12:001625058553875
13:001895168784645
14:002167379245691
15:002456588566520
WHAT THE NUMBERS SAY

Standard Beach sea play has the lowest team win rate of these builds and destroys far less enemy metal early than it loses eco time.

  • + Metal produced climbs to 24945 by 15:00, the highest of all six roles.
  • + Riptide and Oppressor together make 63% of army, a focused naval composition.
  • − Enemy metal destroyed is only 200 by 5:00, barely contesting early sea.
  • − T2 factory only reached in 35% of games, behind other roles' T2 timing.
THE EXAMPLE YOU ARE READING

XuunnY

33.0 OS · 12/10/2026

Open source match ↗

5 received units · includes a constructor
376 metal received · 73954 energy received

Allied construction assistance is unknown. Timings are observations, not a promise of solo reproducibility.

Typical milestones

Shipyard1:56Middle 50%: 1:43–2:07 · n=1790
Riptide3:50Middle 50%: 3:12–4:34 · n=1747
Oppressor5:15Middle 50%: 4:29–6:06 · n=1726
Advanced Metal Extractor9:58Middle 50%: 9:17–10:54 · n=1517

Played most by

EpicTyrannus120games of this buildDamsko69games of this buildKbot_my_Ahole67games of this buildWaboum64games of this buildPRO_HYDRA63games of this build